 Dungeon Crawl Stone Soup version 0.18-a0-844-g9229740 (webtiles) character file.

65 tof the Insei (level 4, -5/42 HPs)
             Began as a Naga Monk on Dec 19, 2015.
             Slain by a worm (10 damage)
             ... on level 2 of the Dungeon.
             The game lasted 00:08:37 (3304 turns).

tof the Insei (Naga Monk)                           Turns: 3304, Time: 00:08:38

Health: -5/42      AC:  5    Str: 13    XL:     4   Next: 14%
Magic:  4/4        EV:  9    Int: 10    God:
Gold:   75         SH:  0    Dex: 15    Spells: 0 memorised, 3 levels left

rFire  . . .     SeeInvis +     f - +0 dagger
rCold  . . .     Gourm    .     h - +0 ring mail
rNeg   . . .     Faith    .     (no shield)
rPois  +         Spirit   .     (no helmet)
rElec  .         Dismiss  .     (no cloak)
rCorr  .         Reflect  .     i - +0 pair of gloves
SustAt .         Harm     .     (no barding)
MR     .....                    (no amulet)
Stlth  ++........               (no ring)
                                (no ring)

@: very slow, not resistant to hostile enchantments, unstealthy
A: see invisible, deformed body, poison resistance, slowness 2, slow metabolism
1, spit poison 2, AC +1
a: Spit Poison


You were on level 2 of the Dungeon.
You were not hungry.

You visited 1 branch of the dungeon, and saw 2 of its levels.

You collected 75 gold pieces.

Inventory:

Hand Weapons
 f - a +0 dagger (weapon)
Armour
 a - a +0 robe
 e - a +0 leather armour
 h - a +0 ring mail (worn)
 i - a +0 pair of gloves (worn)
Wands
 o - a wand of teleportation (3)
Scrolls
 c - a scroll of teleportation {unknown}
 l - 2 scrolls of magic mapping {unknown}
 n - a scroll of remove curse {unknown}
 q - 2 scrolls of blinking {unknown}
Potions
 g - 2 potions of cancellation {unknown}
 j - a potion of curing {unknown}
 k - a potion of degeneration {unknown}
 m - a potion of agility {unknown}
 r - a potion of might {unknown}
Books
 s - a book of Debilitation

   Spells                             Type                      Level
   a - Corona                         Hexes                        1
   b - Slow                           Hexes                        2
   c - Gell's Gravitas                Hexes/Translocation          3
   d - Inner Flame                    Hexes/Fire                   3
   e - Cause Fear                     Hexes                        4
   f - Leda's Liquefaction            Hexes/Earth                  4
Comestibles
 b - a bread ration
 d - 4 fruits
 p - a chunk of flesh


   Skills:
 + Level 3.3 Fighting
 + Level 0.4 Short Blades
 + Level 0.8 Armour
 + Level 3.0 Dodging
 + Level 3.4 Stealth
 + Level 4.3 Unarmed Combat


You had 3 spell levels left.
You didn't know any spells.

Dungeon Overview and Level Annotations

Branches:
Dungeon (2/15)

Altars:


Innate Abilities, Weirdness & Mutations

You cannot wear boots.
Your serpentine skin is tough (AC +1).
You have supernaturally acute eyesight.
Armour fits poorly on your strangely shaped body.
Your system is resistant to poisons.
You cover ground very slowly.
You have a slow metabolism.
You can spit poison.


Message History

The worm is severely wounded.
The worm bites you.
You hit the worm but do no damage.
The worm is severely wounded.
You hit the worm.
The worm is severely wounded.
The worm bites you.
* * * LOW HITPOINT WARNING * * *
You barely miss the worm.
The worm is severely wounded.
You hit the worm but do no damage.
The worm is severely wounded.
The worm bites you!
* * * LOW HITPOINT WARNING * * *
You hit the worm but do no damage.
The worm is severely wounded.
You hit the worm but do no damage.
The worm is severely wounded.
The worm bites you!
You die...

....b.b'w..........(......'......
########....#########.....#.#..##
#..................#.#..##
####w#############.#.#..#. #.#
#...#.#.#..#. #b# #..##.#.#..#.
#.# #..##.#.#....
#.#########..##.#.#....
#....w@......##.#.#...#
##########...##.#.#....
#......#.#.... #..#####.#...#
#..<..##.#...# #......#.#...#
#.######.#.... #.# #.#...#
#.######....##


You could see a worm.

Vanquished Creatures
  An adder (D:2)
  An ooze (D:1)
  A worm (D:2)
  2 giant geckos (D:1)
  A ball python (D:1)
  2 giant cockroaches
  6 hobgoblins
  3 kobolds (D:1)
  A quokka (D:2)
  7 bats
  2 giant newts
  6 goblins
  A jackal (D:1)
  17 rats
51 creatures vanquished.

Notes
Turn   | Place    | Note
--------------------------------------------------------------
     0 | D:1      | tof the Naga Monk began the quest for the Orb.
     0 | D:1      | Reached XP level 1. HP: 21/21 MP: 1/1
   299 | D:1      | Reached XP level 2. HP: 28/28 MP: 2/2
   866 | D:1      | Reached XP level 3. HP: 19/34 MP: 3/3
  2395 | D:2      | Reached XP level 4. HP: 28/42 MP: 4/4
  2977 | D:2      | HP: 2/42 [worm (10)]
  3304 | D:2      | Slain by a worm

Vault maps used:
D:1:      erik_arrival_orb_chamber
D:2:      first_bread

Action                   |  1- 3 |  4- 6 || total
-------------------------+-------+-------++-------
Melee: Unarmed           |    41 |       ||    41
       Dagger            |   183 |    73 ||   256
 Stab: Sleeping          |     9 |     1 ||    10
  Eat: Chunk             |     3 |     3 ||     6
